 Dungeon Crawl Stone Soup version 0.20.1-1-g8b1a95d (webtiles) character file.

94 Monsterracer the Conjurer (level 4, 32/35 HPs)
             Began as a Demonspawn Wanderer on Oct 18, 2017.
             Quit the game on level 2 of the Dungeon.
             The game lasted 00:03:11 (2137 turns).

Monsterracer the Conjurer (Demonspawn Wanderer)     Turns: 2137, Time: 00:03:11

Health: 32/35      AC:  5    Str: 14    XL:     4   Next: 38%
Magic:  1/7        EV: 11    Int: 16    God:
Gold:   96         SH:  0    Dex:  9    Spells: 3/7 levels left

rFire    . . .     SeeInvis +   c - +1 spear
rCold    . . .     Gourm    .   (no shield)
rNeg     . . .     Faith    .   d - +0 robe
rPois    .         Spirit   .   j - +2 helmet {SInv}
rElec    .         Reflect  .   (no cloak)
rCorr    .         Harm     .   (no gloves)
MR       .....                  (no boots)
Stlth    +.........             (no amulet)
Regen    0.2/turn               (no ring)
MPRegen  0.1/turn               (no ring)

@: no status effects
A: spiny 2
a: no special abilities


You were on level 2 of the Dungeon.
You were very hungry.

You visited 1 branch of the dungeon, and saw 4 of its levels.

You collected 96 gold pieces.

Inventory:

Hand Weapons
 c - a +1 spear (weapon)
Armour
 d - a +0 robe (worn)
 j - a +2 helmet of see invisible (worn)
 n - a +0 buckler
Scrolls
 e - a scroll of immolation {unknown}
 h - 3 scrolls of teleportation {unknown}
 i - a scroll of fear {unknown}
 p - 2 scrolls of remove curse
Potions
 b - a potion of lignification
 k - a potion of agility {unknown}
 l - a potion of heal wounds {unknown}
 m - a potion of might {unknown}
Books
 a - a book of Minor Magic

   Spells                             Type                      Level
   a - Magic Dart                     Conjuration                  1
   b - Blink                          Translocation                2
   c - Call Imp                       Summoning                    2
   d - Slow                           Hexes                        2
   e - Conjure Flame                  Conjuration/Fire             3
   f - Mephitic Cloud                 Conjuration/Poison/Air       3
Comestibles
 f - 6 bread rations
 g - 2 royal jellies
 q - a meat ration


   Skills:
 - Level 3.0 Fighting
 - Level 1.0 Shields
 - Level 2.0 Spellcasting
 + Level 4.1 Conjurations
   Level 2.6 Transmutations
   Level 1.0 Evocations


You had 3 spell levels left.
You knew the following spells:

 Your Spells              Type           Power        Failure   Level  Hunger
a - Magic Dart            Conj           ##..         3%          1    #......
b - Conjure Flame         Conj/Fire      #.......     26%         3    ###....


Dungeon Overview and Level Annotations

Branches:
Dungeon (4/15)
 Temple: D:4-7

Altars:


Innate Abilities, Weirdness & Mutations

You are mostly covered in sharp spines.


Message History

Wield which item (- for none, * to show all)? (? for menu, Esc to quit)
c - a +0 spear (weapon)
p - 2 scrolls of remove curse
Things that are here:
a +0 mace of crushing; a ring mail
Found a bread ration.
Found a stone staircase leading up.
You start resting.
All of the chunks of flesh in your inventory have rotted away.
Magic restored.
Found a stone staircase leading up.
There is a stone staircase leading up here.
You are feeling hungry.
There is a stone staircase leading up here.
Found 13 arrows.
f - 6 bread rations (gained 1)
There is a stone staircase leading up here.
You start resting.
HP restored.
You climb upwards.
Found a meat ration, 16 arrows and a scroll labeled YPLUZE WAEMUS.
Found a stone staircase leading up.
There is a stone staircase leading down here.
o - a scroll labeled YPLUZE WAEMUS
q - a meat ration A worm comes into view.
As you read the scroll labeled YPLUZE WAEMUS, it crumbles to dust.
It is a scroll of enchant weapon.
Your +0 spear glows red for a moment.
Casting: Magic Dart
Confirm with . or Enter, or press ? or * to list all spells.
Aiming: Magic Dart
Press: ? - help, Shift-Dir - straight line, f - worm
Aim: a worm The magic dart hits the worm.
The worm is lightly wounded.
Casting: Magic Dart
Confirm with . or Enter, or press ? or * to list all spells.
Aiming: Magic Dart
Press: ? - help, Shift-Dir - straight line, f/p - worm
Aim: a worm (lightly wounded)
The magic dart hits the worm.
The worm is moderately wounded.
Casting: Magic Dart
Confirm with . or Enter, or press ? or * to list all spells.
Aiming: Magic Dart
Press: ? - help, Shift-Dir - straight line, f/p - worm
Aim: a worm (lightly wounded)
The magic dart hits the worm.
The worm is moderately wounded.
You are feeling very hungry.
Casting: Magic Dart
Confirm with . or Enter, or press ? or * to list all spells.
Aiming: Magic Dart
Press: ? - help, Shift-Dir - straight line, p - worm
Casting: Magic Dart
Confirm with . or Enter, or press ? or * to list all spells.
Aiming: Magic Dart
Press: ? - help, Shift-Dir - straight line, f - worm
Aim: a worm (lightly wounded)
The magic dart hits the worm.
The worm is moderately wounded.
Casting: Magic Dart
Confirm with . or Enter, or press ? or * to list all spells.
Aiming: Magic Dart
Press: ? - help, Shift-Dir - straight line, f/p - worm
Aim: a worm (lightly wounded)
The magic dart hits the worm.
The worm is moderately wounded.
Casting: Magic Dart
Confirm with . or Enter, or press ? or * to list all spells.
Aiming: Magic Dart
Press: ? - help, Shift-Dir - straight line, f/p - worm
Aim: a worm (moderately wounded)
The magic dart hits the worm.
The worm is moderately wounded.
* * * LOW MAGIC WARNING * * *
Casting: Magic Dart
Confirm with . or Enter, or press ? or * to list all spells.
You don't have enough magic to cast that spell.
Unknown command.
Attack whom?
Press: ? - help, Dir - move target cursor, f/p - worm
Aim: a worm (moderately wounded)
You reach to attack!
You hit the worm.
The worm is severely wounded.
You hit the worm.
The worm is almost dead.
The worm bites you but does no damage.
You completely miss the worm.
The worm is severely wounded.
You barely miss the worm.
The worm is severely wounded.
The worm bites you.
Damage: -8%(-3hp) hp: 92%(32hp)
You hit the worm.
The worm is almost dead.
You hit the worm.
You kill the worm!
No target in view!
Are you sure you want to abandon this character and quit the game? (Confirm with "yes".)

#.# #.....###.# #.#
#.........#
#....<###.# ##...##
### #.# ##### ..#
#.# #.# #.# #.# #.#
#########. #####.#
#.# #.@.......
....#.# #.#
#.#######.
##..#.###.#####.####
(..................#
.#....>............#
.#..#.#########.#..#
......# #.#..#
.#.<### #.#....
.#..# ... .##.


There were no monsters in sight!

Vanquished Creatures
  An orc wizard (D:3)
  An adder (D:2)
  An ooze (D:1)
  A worm (D:2)
  3 leopard geckos
  3 orcs (D:3)
  2 giant cockroaches (D:1)
  5 goblins
  6 hobgoblins
  2 jackals (D:1)
  6 kobolds
  A quokka (D:2)
  4 bats
  A frilled lizard (D:1)
  3 rats (D:1)
40 creatures vanquished.

Vanquished Creatures (others)
  2 fungi (D:1)
2 creatures vanquished.

Grand Total: 42 creatures vanquished

Notes
Turn   | Place    | Note
-------+----------+-------------------------------------------
     0 | D:1      | Monsterracer the Demonspawn Wanderer began the quest for the Orb.
     0 | D:1      | Monsterracer set off with: a book of Minor Magic, a potion of lignification, a +0 spear, a +0 robe, a bread ration
     0 | D:1      | Reached XP level 1. HP: 18/18 MP: 3/3
     2 | D:1      | Learned a level 1 spell: Magic Dart
    91 | D:1      | Reached skill level 1 in Conjurations
   341 | D:1      | Gained mutation: You are partially covered in sharp spines. [demonic ancestry]
   341 | D:1      | Reached XP level 2. HP: 24/24 MP: 0/5
   431 | D:1      | Reached skill level 2 in Conjurations
  1037 | D:1      | Reached XP level 3. HP: 27/29 MP: 0/6
  1268 | D:1      | Learned a level 3 spell: Conjure Flame
  1463 | D:2      | Reached skill level 3 in Conjurations
  1776 | D:2      | You fall through a shaft for 2 floors!
  1888 | D:3      | HP: 13/29 [orc wizard/magic dart (3)]
  1890 | D:3      | Reached skill level 4 in Conjurations
  1890 | D:3      | Gained mutation: You are mostly covered in sharp spines. [demonic ancestry]
  1890 | D:3      | Reached XP level 4. HP: 12/35 MP: 0/7
  2137 | D:2      | Quit the game

Skill      XL: |  1  2  3 |
---------------+----------+-----
Conjurations   | 1 2 4 |  4.1
Fighting       | |  3.0
Shields        | |  1.0
Spellcasting   | |  2.0
Transmutations | |  2.6
Evocations     | |  1.0

Action                   |  1- 3 |  4- 6 || total
-------------------------+-------+-------++-------
Melee: Spear             |    49 |     6 ||    55
 Cast: Magic Dart        |    70 |     8 ||    78
  Use: Scroll            |     1 |     1 ||     2
  Eat: Chunk             |     4 |       ||     4
Armor: Robe              |    10 |     1 ||    11
Dodge: Dodged            |    33 |       ||    33

Vault maps used:
D:1:      dpeg_arrival_water_fire
D:2:      minmay_misc_feat_four_crosses, minmay_hedge_maze
D:3:      overflow_temple_1_default, first_bread, uniq_jessica
D:4:      vehumet_crystals, minmay_temple_entry_crystal_x, lemuel_statue_altar
